 Dungeon Crawl Stone Soup version 0.28-a0-533-g9f97627e2a (webtiles) character file.

Game seed: 302768136658576507

157 Crimsonway the Grave Robber (level 5, -9/35 HPs)
             Began as a Vampire Necromancer on Sept 26, 2021.
             Was an Initiate of Gozag.
             Killed from afar by an orc wizard (13 damage)
             ... with a puff of flame
             ... on level 4 of the Dungeon.
             The game lasted 00:20:30 (2998 turns).

Crimsonway the Grave Robber (Vampire Necromancer)   Turns: 2998, Time: 00:20:32

Health: -9/35      AC:  6    Str:  7    XL:     5   Next: 15%
Magic:  1/10       EV: 12    Int: 17    God:    Gozag
Gold:   577        SH:  0    Dex: 16    Spells: 10/11 levels left

rFire   . . .      SeeInvis +   s - +1 short sword (flame)
rCold   . . .      Faith    .   (no shield)
rNeg    . . .      Spirit   .   a - +0 robe
rPois   .          Reflect  .   (no helmet)
rElec   .          Harm     .   e - +0 cloak
rCorr   .          Rampage  .   (no gloves)
Will    .....                   n - +2 pair of boots {Fly}
Stlth   ++........              (no amulet)
HPRegen 0.31/turn               (no ring)
MPRegen 0.12/turn               (no ring)

@: flying, healing quickly
A: alive, fangs 3, see invisible, vampiric 2
a: Exsanguinate, Renounce Religion, Potion Petition, Call Merchant, Bribe Branch


You were on level 4 of the Dungeon.
You worshipped Gozag.
Gozag was pleased with you.
You visited 1 branch of the dungeon, and saw 4 of its levels.

You collected 577 gold pieces.

Inventory:

Hand Weapons
 d - a +0 whip
 s - a +1 short sword of flaming (weapon)
Missiles
 h - 16 bolts
Armour
 a - a +0 robe (worn)
 e - a +0 cloak (worn)
 n - a +2 pair of boots of flying (worn)
 o - a +1 pair of boots of rampaging
 q - a +0 robe
Scrolls
 g - a scroll of fog {unknown}
 j - 3 scrolls of noise {unknown}
 k - a scroll of identify {unknown}
 l - a scroll of magic mapping {unknown}
 p - a scroll of blinking {unknown}
 r - a scroll of torment {unknown}
Potions
 b - a potion of might {unknown}
 c - 2 potions of flight {unknown}
 f - a potion of heal wounds {unknown}
 i - 2 potions of curing {unknown}
 m - a potion of haste {unknown}
 t - 2 potions of degeneration {unknown}
 u - a potion of lignification {unknown}


   Skills:
 + Level 0.2 Fighting
 + Level 0.3 Maces & Flails
 + Level 2.5 Dodging
 + Level 3.3 Stealth
 + Level 3.5 Spellcasting
 + Level 5.7 Necromancy


You had 10 spell levels left.
You knew the following spells:

 Your Spells              Type           Power      Damage    Failure   Level
a - Pain                  Necr           88%        1d8       1%          1

Your spell library contained the following spells:

 Spells                   Type           Power      Damage    Failure   Level
 Animate Skeleton         Necr           44%        N/A       1%          1
 Sublimation of Blood     Necr           11%        N/A       2%          2
 Vampiric Draining        Necr           11%        2d7       4%          3
 Animate Dead             Necr           11%        N/A       16%         4
 Foxfire                  Conj/Fire      8%         2x1d4     17%         1
 Blink                    Tloc           N/A        N/A       26%         2
 Wereblood                Tmut           2%         N/A       26%         2
 Agony                    Necr           22%        N/A       41%         5
 Conjure Flame            Conj/Fire      2%         6-21      45%         3
 Inner Flame              Hex/Fire       2%         N/A       45%         3
 Lesser Beckoning         Tloc           2%         N/A       45%         3
 Flame Wave               Conj/Fire      2%         3d3       86%         4
 Manifold Assault         Tloc           2%         N/A       99%         5
 Summon Hydra             Summ           1%         N/A       100%        7


Dungeon Overview and Level Annotations

Branches:
Dungeon (4/15)
 Temple: D:4-7

Altars:
Gozag


Innate Abilities, Weirdness & Mutations

Your natural rate of healing is accelerated.
You have razor-sharp teeth.
You have supernaturally acute eyesight. (SInv)
You are afflicted with vampirism and can become a bat while bloodless.


Message History

Found 14 gold pieces.
You now have 563 gold pieces (gained 4).
You now have 570 gold pieces (gained 7).
You now have 577 gold pieces (gained 7).
An orc wizard comes into view. It is wielding a +0 dagger.
An orc and an orc wizard come into view.
The orc shouts!
The orc wizard shouts!
You see here 15 gold pieces.
Aiming: Pain (safe; 1% risk of failure)
Press: ? - help, Q - select action, (/) - cycle Shift-Dir - straight line, f - orc wizard
Aim: an orc wizard, wielding a +0 dagger and wearing a +0 robe (wandering, hasn't noticed you, chance to affect: 81%)
The orc wizard writhes in agony.
Aiming: Pain (safe; 1% risk of failure)
Press: ? - help, Q - select action, (/) - cycle Shift-Dir - straight line, f/p - orc wizard
Aim: an orc wizard, wielding a +0 dagger and wearing a +0 robe (moderately wounded, chance to affect: 81%)
The orc wizard writhes in agony.
The orc wizard casts a spell at you. The puff of flame hits you!
* * * LOW HITPOINT WARNING * * *
Aiming: Pain (safe; 1% risk of failure)
Press: ? - help, Q - select action, (/) - cycle Shift-Dir - straight line, f/p - orc wizard
Aim: an orc wizard, wielding a +0 dagger and wearing a +0 robe (heavily wounded, chance to affect: 81%)
The orc writhes in agony.
An orc comes into view. It is wielding a +0 flail.
You don't have enough magic to cast this spell.
You begin bloodletting.
You continue bloodletting.
The orc shouts!
You continue bloodletting. x2
The orc wizard gestures wildly while chanting.
The orc wizard flickers and vanishes for a moment.
The orc wizard gestures at you while chanting.
The magic dart hits the orc wizard!
You continue bloodletting.
The orc hits you with a +0 club.
* * * LOW HITPOINT WARNING * * *
You continue bloodletting.
The orc wizard points at you and mumbles some strange words.
The puff of flame hits you!
You die...
Your body crumbles into a pile of gold.

##...........
#...........
#..........
......... ....o..
#....# #.$o.#
#.o@o### #......#
. #####......##...
###...............
#...........###...
#...........# ..
#...........# $
#.!.....<...+
............#


You could see 2 orc wizards and 2 orcs.

Vanquished Creatures
  A jelly (D:4)
  3 adders (D:3)
  6 dart slugs
  2 orcs (D:3)
  9 ball pythons
  3 endoplasms
  6 giant cockroaches
  9 goblins
  7 hobgoblins
  4 jackals (D:2)
  10 kobolds
  2 quokkas
  6 bats
  4 frilled lizards
  5 rats
77 creatures vanquished.

Vanquished Creatures (others)
  A bat (D:1)
1 creature vanquished.

Grand Total: 78 creatures vanquished

Notes
Turn   | Place    | Note
-------+----------+-------------------------------------------
     0 | D:1      | Crimsonway the Vampire Necromancer began the quest for the
                  | Orb.
     0 | D:1      | Reached XP level 1. HP: 13/13 MP: 3/3
   103 | D:1      | Found a faded altar of an unknown god.
   112 | D:1      | Became a worshipper of Gozag Ym Sagoz the Greedy
   318 | D:1      | Reached XP level 2. HP: 17/19 MP: 1/5
   561 | D:1      | Reached skill level 5 in Necromancy
   814 | D:1      | Gained mutation: You are afflicted with vampirism and can
                  | become a bat while bloodless. [Vampire growth]
   814 | D:1      | Reached XP level 3. HP: 22/24 MP: 2/6
  1870 | D:2      | Reached XP level 4. HP: 28/30 MP: 5/8
  2974 | D:4      | Reached XP level 5. HP: 11/35 MP: 1/10
  2998 | D:4      | Killed from afar by an orc wizard

Illustrated notes

Levels and vault maps discovered:
D:1:      minmay_arrival_checkered_box, layout_basic, basic_ecumenical_altar,
          minmay_misc_feat_columns
D:2:      minmay_inner_zag, layout_basic
D:3:      layout_basic, st_stairs_2
D:4:      layout_basic, nicolae_overflow_hidden_temple, uniq_eustachio

Skill      XL: |  1  2  3  4 |
---------------+-------------+-----
Necromancy     | 5 |  5.7
Spellcasting   | 3 |  3.5
Fighting       | |  0.2
Maces & Flails | |  0.3
Dodging        | |  2.5
Stealth        | |  3.3

Action                   |  1- 3 |  4- 6 || total
-------------------------+-------+-------++-------
Melee: Unarmed           |     9 |       ||     9
       Whip              |    37 |    27 ||    64
       Bite              |     2 |     1 ||     3
       Short sword       |       |     4 ||     4
 Cast: Pain              |    68 |    49 ||   117
 Abil: Exsanguinate      |       |     1 ||     1
Armor: Robe              |    27 |    21 ||    48
Dodge: Dodged            |    36 |    34 ||    70

Table legend: (Time is in decaauts)
 A = Elapsed time spent in this place.
 B = Non-inter-level travel time spent in this place.
 C = Inter-level travel time spent in this place.
 D = Time resting spent in this place.
 E = Time spent auto-exploring this place.
 F = Levels seen in this place.
 G = Mean time per level.
                   A        B        C        D        E       F      G
               +--------+--------+--------+--------+--------+-----+--------+
         Total |   3003 |   2246 |    757 |      0 |      0 |   4 |  750.8 |
       Dungeon |   3003 |   2246 |    757 |      0 |      0 |   4 |  750.8 |
               +--------+--------+--------+--------+--------+-----+--------+

Top non-repeatable levels by time:
     D:1: 1091 daAuts
     D:2: 1073 daAuts
     D:3: 799 daAuts
     D:4: 39 daAuts
